 Dungeon Crawl Stone Soup version 0.30.0-5-g1a98f26d00 (webtiles) character file.

Game seed: 1930379113938507206

323 hawla the Firebug (level 7, -2/51 HPs)
             Began as a Meteoran Fire Elementalist on May 12, 2023.
             Engulfed by a cloud of steam (9 damage)
             ... in an ossuary.
             The game lasted 00:03:45 (514 turns).

hawla the Firebug (Meteoran Fire Elementalist)       Turns: 514, Time: 00:03:45

Health: -2/51      AC:  2    Str:  9    XL:     7   Next: 6%
Magic:  11/15      EV: 13    Int: 19    God:
Gold:   73         SH:  0    Dex: 15    Spells: 9/16 levels left

rFire   . . .        (no weapon)
rCold   . . .        (no shield)
rNeg    . . .        a - +0 robe
rPois   .            (no helmet)
rElec   .            (no cloak)
rCorr   .            (no gloves)
SInv    .            (no boots)
Will    .....        (no amulet)
Stlth   +            h - ring of wizardry
HPRegen 0.28/turn    (no ring)
MPRegen 0.14/turn

%: wizardry (x1)
@: very slightly contaminated, glowing, very slow
A: sense surroundings 1, otherworldly, glowing, explore regen
a: no special abilities


You were in an ossuary.
You visited 1 branch of the dungeon, and saw 4 of its levels.
You also visited: Ossuary.

You collected 73 gold pieces.

Inventory:

Armour
 a - a +0 robe (worn)
Jewellery
 h - a ring of wizardry (left hand)
Scrolls
 g - a scroll of amnesia
 k - a scroll of vulnerability {unknown}
Potions
 c - 2 potions of curing
 d - a potion of might
 e - a potion of mutation


   Skills:
 + Level 0.5 Fighting
 + Level 3.4 Dodging
 - Level 1.4 Stealth
 + Level 5.0 Spellcasting
 + Level 3.0 Conjurations
 + Level 6.1 Fire Magic


You had 9 spell levels left.
You knew the following spells:

 Your Spells              Type           Power      Damage    Failure   Level
a - Foxfire               Conj/Fire      88%        2x1d8     1%          1
b - Scorch                Fire           56%        2d7       1%          2
c - Flame Wave            Conj/Fire      22%        2d8       8%          4

Your spell library contained the following spells:

 Spells                   Type           Power      Damage    Failure   Level
 Inner Flame              Hex/Fire       16%        N/A       4%          3
 Volatile Blastmotes      Fire/Tloc      32%        2d12      4%          3


Dungeon Overview and Level Annotations

Branches:
Dungeon (4/15) Zot: 1915  Ossuary (1/1) Zot: 566
 Temple: D:4-7

Altars:
Fedhas
The Shining One

Annotations:
D:2 Sigmund


Innate Abilities, Weirdness & Mutations

You passively map a small area around you.
You are easily found by Zot.
You glow in the dark.
You regain HP and MP as you explore.


Message History

The withered plant crumbles away.
The centaur zombie is engulfed in a cloud of scalding steam.
Your Spellcasting skill increases to level 5!
Your Conjurations skill increases to level 3!
You have reached level 7!
You feel better.
You are engulfed in a cloud of scalding steam.
The centaur zombie hits you.
The centaur zombie kicks you but does no damage.
The centaur zombie is engulfed in a cloud of scalding steam.
The centaur zombie barely misses you.
The centaur zombie kicks you but does no damage.
The centaur zombie completely misses you.
The centaur zombie kicks you but does no damage.
The hornet zombie is engulfed in a cloud of scalding steam.
A bullfrog zombie comes into view.
Magic courses through your body.
You are engulfed in a cloud of scalding steam.
The centaur zombie hits you.
* * * LOW HITPOINT WARNING * * *
The centaur zombie kicks you.
* * * LOW HITPOINT WARNING * * *
The centaur zombie hits you.
* * * LOW HITPOINT WARNING * * *
The centaur zombie barely misses you.
The hornet zombie is engulfed in a cloud of scalding steam.
Casting: Scorch (safe; 1% risk of failure)
Confirm with . or Enter, or press ? or * to list all spells.
Casting: Flame Wave (dangerous; 8% risk of failure)
Press: ? - help, Dir - look around, f - activate A wave of flame ripples out!
The flame wave engulfs the hornet zombie!
The hornet zombie is moderately damaged.
The flame wave engulfs the centaur zombie.
The centaur zombie is severely damaged.
The flame wave engulfs the centaur zombie.
The centaur zombie is moderately damaged. (Press . to intensify the flame waves.)
You are engulfed in a cloud of scalding steam.
You die...

* ## ### ~###§##≈§#~
* ##≈≈#Z#§≈# *
#≈##§Z@§#* * , ,
#P#M§Z§§#~ * *
+#+#+#+#§~§~~##~#
....M..~~~§.~§.#≈≈*~
.##+##~##§##.~####≈≈
* #.*ZZM#Z..#~~ # *
###MZZ#.~~~# *, ,
#.Z.#~~P≈≈≈~
~#####~~~#≈≈


You could see a mummy, a bullfrog zombie, a hornet zombie and 2 centaur zombies.

Vanquished Creatures
  A black bear (D:4)
  2 bullfrog zombies (Ossuary)
  A centaur zombie (Ossuary)
  A jelly (D:4)
  4 mummies (Ossuary)
  An adder (D:3)
  A ball python (D:4)
  5 bats (D:3)
  4 endoplasms
  A giant cockroach (D:4)
  2 goblins (D:3)
  A hobgoblin (D:1)
  2 kobolds
  A frilled lizard (D:3)
  2 rats (D:3)
29 creatures vanquished.

Vanquished Creatures (others)
  58 foxfires
58 creatures vanquished.

Grand Total: 87 creatures vanquished

Notes
Turn   | Place    | Note
-------+----------+-------------------------------------------
     0 | D:1      | hawla the Meteoran Fire Elementalist began the quest for
                  | the Orb.
     0 | D:1      | Reached XP level 1. HP: 14/14 MP: 5/5
    53 | D:2      | Noticed Sigmund
    71 | D:3      | Reached XP level 2. HP: 20/20 MP: 3/6
   109 | D:3      | Found a blossoming altar of Fedhas.
   119 | D:3      | Reached skill level 4 in Fire Magic
   135 | D:3      | Found a faded altar of an unknown god.
   139 | D:3      | Reached XP level 3. HP: 26/26 MP: 4/8
   142 | D:3      | Learned a level 2 spell: Scorch
   342 | D:3      | Found a glowing golden altar of the Shining One.
   405 | D:4      | Noticed a black bear
   412 | D:4      | Killed a black bear
   413 | D:4      | Reached skill level 5 in Fire Magic
   413 | D:4      | Reached XP level 4. HP: 9/33 MP: 1/10
   413 | D:4      | Reached XP level 5. HP: 11/38 MP: 1/11
   479 | D:4      | Found a sand-covered staircase.
   484 | Ossuary  | Entered an ossuary
   494 | Ossuary  | Reached XP level 6. HP: 35/45 MP: 8/13
   507 | Ossuary  | Learned a level 4 spell: Flame Wave
   511 | Ossuary  | Reached skill level 6 in Fire Magic
   512 | Ossuary  | Reached skill level 5 in Spellcasting
   512 | Ossuary  | Reached XP level 7. HP: 13/51 MP: 1/15
   514 | Ossuary  | Engulfed by a cloud of steam

Illustrated notes

Levels and vault maps discovered:
D:1:      onia_arrival_mini_maze_b, layout_basic
D:2:      layout_loops_ring, basic_altar, minmay_pentomino_u2, uniq_sigmund
D:3:      layout_basic, fedhas_altar_2, grunt_dithmenos_smoke,
          nicolae_overflow_ecumenical_swirl, nicolae_tso_carved_into_rock,
          ebering_ecumenical_altar_sacrificial
D:4:      layout_layer_cave, temple_doors_e, enter_ossuary_2, uniq_grinder,
          uniq_eustachio, uniq_natasha
Ossuary:  ossuary_zaba_flooded

Skill      XL: |  1  2  3  4  5  6 |
---------------+-------------------+-----
Fire Magic     | 4 5 6 |  6.1
Spellcasting   | 3 4 5 |  5.0
Dodging        | 3 |  3.4
Conjurations   | 2 3 |  3.0
Fighting       | |  0.5
Stealth        | |  1.4

Action                     |  1- 3 |  4- 6 |  7- 9 || total
---------------------------+-------+-------+-------++-------
  Melee: Unarmed           |     3 |     1 |       ||     4
   Cast: Foxfire           |    28 |     8 |       ||    36
         Scorch            |     3 |     2 |       ||     5
         Flame Wave        |       |     1 |     1 ||     2
    Use: Scroll            |       |     6 |       ||     6
         Potion            |       |       |     2 ||     2
 Armour: Robe              |     5 |     4 |     4 ||    13
  Dodge: Dodged            |     5 |    10 |     3 ||    18
